Match 42433178
Unlisted

Match 42433178
End
Royal Engineer Section
Construct Section Command Post
Selects Canadian Shock Battlegroup
Dingo Light Scout Car
Infantry Section
Infantry Section
Selects Attacking Spirit
Selects Canadian Shock Section
Canadian Shock Section
Selects Incendiary Munitions
Construct Platoon Command Post
Selects Pyrotechnics
Vickers Machine Gun Team
Construct Field Infirmary
6-pounder Anti-tank Gun Team
Construct Company Command Post
Canadian Shock Section
Crusader II Medium Tank
Evonick exe
سَۨفُـيٰانۨوٰس
0
0

Comments sign in to comment!

No comments posted yet!